 Dungeon Crawl Stone Soup version 0.29.1-12-g30fa7ad0bf (webtiles) character file.

Game seed: 14912847207703508664

381 safid the Shooter (level 6, -8/85 HPs)
             Began as a Minotaur Hunter on Dec 12, 2022.
             Mangled by a gnoll bouda
             ... wielding a +0 whip
              (13 damage)
             ... on level 4 of the Dungeon.
             The game lasted 00:05:49 (3633 turns).

safid the Shooter (Minotaur Hunter)                 Turns: 3633, Time: 00:05:49

Health: -8/85      AC:  3    Str: 15    XL:     6   Next: 46%
Magic:  5/5        EV: 12    Int:  6    God:
Gold:   172        SH:  0    Dex: 16    Spells: 5/5 levels left

rFire   . . .      SeeInvis .   a - +0 shortbow
rCold   . . .      Faith    .   (shield currently unavailable)
rNeg    . . .      Spirit   .   c - +0 leather armour
rPois   .          Reflect  .   (helmet restricted)
rElec   .          Harm     .   (no cloak)
rCorr   .          Rampage  .   (no gloves)
Will    .....                   (no boots)
Stlth   ..........              (no amulet)
HPRegen 0.24/turn               (no ring)
MPRegen 0.09/turn               (no ring)

@: mighty, brilliant, berserking (expiring), weakened, very quick
A: horns 2, retaliatory headbutt
a: no special abilities


You were on level 4 of the Dungeon.
You visited 2 branches of the dungeon, and saw 6 of its levels.

You collected 211 gold pieces.
You spent 39 gold pieces at shops.

Inventory:

Hand Weapons
 a - a +0 shortbow (weapon)
Missiles
 p - 5 javelins
 q - 2 throwing nets
Armour
 c - a +0 leather armour (worn)
Jewellery
 n - an amulet of faith
Scrolls
 d - 2 scrolls of teleportation {unknown}
 e - a scroll of magic mapping {unknown}
 f - 4 scrolls of identify
 g - 2 scrolls of enchant weapon {unknown}
 h - a scroll of fog {unknown}
 l - a scroll of enchant armour {unknown}
 s - a scroll of silence {unknown}
Potions
 b - 2 potions of invisibility {unknown}
 j - a potion of brilliance
 k - a potion of might
 m - a potion of ambrosia
 o - a potion of mutation {unknown}
 r - a potion of resistance {unknown}


   Skills:
 + Level 6.1 Fighting
 + Level 6.8 Ranged Weapons
 - Level 2.1 Dodging
 - Level 0.7 Stealth


You had 5 spell levels left.
You didn't know any spells.
Your spell library contained the following spells:

 Spells                   Type           Power      Damage    Failure   Level
 Ignite Poison            Fire/Tmut/Pois 0%         N/A       88%         3
 Mephitic Cloud           Conj/Pois/Air  0%         N/A       88%         3
 Freezing Cloud           Conj/Ice/Air   0%         6-21      100%        5


Dungeon Overview and Level Annotations

Branches:
Dungeon (5/15)             Temple (1/1) D:4

Altars:
Cheibriados
Gozag
Qazlal
Ru
Sif Muna
Uskayaw
Xom
Zin

Shops:
D:1 (   D:2 ?

Annotations:
D:4 1 runed translucent door, Crazy Yiuf


Innate Abilities, Weirdness & Mutations

You have a pair of horns on your head.
You reflexively headbutt those who attack you in melee.


Message History

The gnoll bouda gazes fiercely through you!
You feel as though you will be weak longer.
The gnoll bouda closely misses you.
You miss the gnoll.
The gnoll is moderately wounded.
The gnoll barely misses you.
The gnoll bouda hits you with a +0 whip.
* * * LOW HITPOINT WARNING * * *
Unknown command.
The gnoll is no longer moving quickly.
You bump into the rock wall.
You feel a strong urge to attack something.
You feel less invigorated.
You feel less confused.
Really attack while wielding your +0 shortbow?
Okay, then.
Really attack while wielding your +0 shortbow?
Okay, then.
There are monsters nearby!
Really attack while wielding your +0 shortbow?
You clumsily bash the gnoll.
The gnoll is severely wounded.
The gnoll hits you with a +0 whip.
* * * LOW HITPOINT WARNING * * *
The gnoll bouda barely misses you.
Unknown command.
You clumsily bash the gnoll.
The gnoll is severely wounded.
The gnoll closely misses you.
The gnoll bouda hits you but does no damage.
You closely miss the gnoll. Your headbutt misses the gnoll.
The gnoll is severely wounded.
The gnoll hits you with a +0 whip!
* * * LOW HITPOINT WARNING * * *
The gnoll bouda barks out a call to the hunt!
The gnoll picks up the pace!
You clumsily bash the gnoll.
You kill the gnoll!
The gnoll bouda hits you with a +0 whip!
You die...

#.# #.#.# #.... #.#
######.#.###.8.8 #.#
#..........#.._.
#.#####.####.###.#.8.8
#............# #.#....
#######.#.#....###.###+#
##.#.#.#.#.#.#.#.#..#.#.#
#................^#.#...#
##.#.#.#@#.#.#.#.##......
#......g).............###
##.#.#.#.#.#.#.#.#....#
#.................#.#.#
##.#.#.#.#.#.#.#.##.#.#
#######...#...####.#.#
##..###.### #...# #...#
#.# ###.# #.### ### ###


You could see a gnoll bouda.

Vanquished Creatures
  A necrophage (D:5)
  A kobold brigand (D:4)
  An orc priest (D:3)
  An orc wizard (D:4)
  Robin (D:4)
  3 adders
  7 gnolls
  An ufetubus (D:4)
  5 dart slugs
  6 orcs
  A ball python (D:4)
  2 bats (D:1)
  7 endoplasms
  3 giant cockroaches
  18 goblins
  4 hobgoblins
  4 jackals (D:3)
  8 kobolds
  3 quokkas
  4 frilled lizards
  4 rats
85 creatures vanquished.

Vanquished Creatures (others)
  An angel (D:4)
  9 plants (D:4)
10 creatures vanquished.

Grand Total: 95 creatures vanquished

Notes
Turn   | Place    | Note
-------+----------+-------------------------------------------
     0 | D:1      | safid the Minotaur Hunter began the quest for the Orb.
     0 | D:1      | Reached XP level 1. HP: 18/18 MP: 0/0
   107 | D:1      | Found Wux Sem's Weapon Emporium.
   109 | D:1      | Reached XP level 2. HP: 26/26 MP: 1/1
   797 | D:2      | Reached skill level 5 in Ranged Weapons
   797 | D:2      | Reached XP level 3. HP: 31/31 MP: 2/2
   842 | D:2      | Found Hiolak's Magic Scroll Emporium.
   849 | D:2      | Bought a scroll of noise for 13 gold pieces
   849 | D:2      | Bought a scroll of identify for 26 gold pieces
  1328 | D:3      | Found a stormy altar of Qazlal.
  1461 | D:3      | Found an opulent altar of Gozag.
  1544 | D:3      | Found a faded altar of an unknown god.
  1559 | D:3      | Reached XP level 4. HP: 40/40 MP: 3/3
  1795 | D:3      | Reached XP level 5. HP: 47/47 MP: 4/4
  1957 | D:4      | Reached skill level 5 in Fighting
  2140 | D:4      | Found a snail-covered altar of Cheibriados.
  2159 | D:4      | Found a shimmering blue altar of Sif Muna.
  2159 | D:4      | Found a hide-covered altar of Uskayaw.
  2431 | D:4      | Killed an angel
  2612 | D:4      | Found a glowing silver altar of Zin.
  2613 | D:4      | Found a shimmering altar of Xom.
  2613 | D:4      | Noticed Robin
  2632 | D:4      | Killed Robin
  2633 | D:4      | Reached XP level 6. HP: 28/56 MP: 5/5
  2941 | D:4      | Found a sacrificial altar of Ru.
  3037 | D:4      | Found a runed translucent door.
  3038 | D:4      | Noticed Crazy Yiuf
  3099 | D:4      | Found a staircase to the Ecumenical Temple.
  3307 | Temple   | Entered the Ecumenical Temple
  3520 | D:5      | Entered Level 5 of the Dungeon
  3623 | D:4      | HP: 2/57 [gnoll bouda/+0 whip (5)]
  3633 | D:4      | Mangled by a gnoll bouda

Illustrated notes

Levels and vault maps discovered:
D:1:      zaba_arrival_water, layout_rooms, serial_shops, shop, minivault_19,
          minmay_misc_feat_pillars
D:2:      layout_loops_cross, serial_shops, shop
D:3:      layout_rooms, mainiacjoe_overflow_catwalk, nicolae_gozag_seed_capital,
          hellmonk_ecumenical_altar_run_dry
D:4:      layout_loops_ring, grunt_temple_overflow_order_and_chaos_1,
          amethyst_overflow_temple_binary, kennysheep_slug_shrine,
          kennysheep_little_box, temple_statues, st_stairs_12,
          lexackson_kobold_supper, uniq_robin, uniq_crazy_yiuf_cottage
D:5:      layout_cave_pods, nicolae_overflow_hidden_temple,
          mainiacjoe_overflow_alcove_4
Temple:   ebering_the_none_and_only

Skill      XL: |  1  2  3  4  5  6 |
---------------+-------------------+-----
Fighting       | 3 4 5 6 |  6.1
Ranged Weapons | 5 6 |  6.8
Dodging        | |  2.1
Stealth        | |  0.7

Action                   |  1- 3 |  4- 6 || total
-------------------------+-------+-------++-------
Melee: Shortbow          |       |     5 ||     5
 Fire: Shortbow          |    87 |   118 ||   205
  Use: Potion            |     1 |     4 ||     5
Armor: Leather armour    |     7 |     6 ||    13
Dodge: Dodged            |     9 |    48 ||    57
